TOP OF THE 1ST |
Manhatten Meatheads batting - Pitching for Erie Jaxx : RHP Dan Clark
|
Pitching: RHP Dan Clark
|
|
Batting: LHB Wayne Rogers
|
0-0: Foul Ball, location: 2F 0-1: SINGLE (Groundball, 25) (infield hit)
|
Batting: LHB Geoff May
|
0-0: Ball 1-0: Swinging Strike 1-1: Ball 2-1: SINGLE (Groundball, 13) (infield hit) Wayne Rogers to second
|
Batting: RHB António Vargas
|
0-0: Called Strike 0-1: Called Strike Geoff May is caught stealing 2nd base 0-2: Ball 1-2: Ball 2-2: Fly out, F5 (Line Drive, 56)
|
Batting: RHB Ed Gaston
|
0-0: Swinging Strike 0-1: Foul Ball, location: 2F 0-2: Foul Ball, location: 2F 0-2: Strikes out looking
|
Top of the 1st over - 0 runs, 2 hits, 0 errors, 1 left on base; Manhatten 0 - Erie 0 |
BOTTOM OF THE 1ST |
Erie Jaxx batting - Pitching for Manhatten Meatheads : LHP León Vargas
|
Pitching: LHP León Vargas
|
|
Batting: LHB Mark Sanders
|
0-0: Called Strike 0-1: Foul Ball, location: 2F 0-2: Foul Ball, location: 2F 0-2: Ground out 5-3 (Groundball, 5L)
|
Batting: RHB Juan González
|
0-0: Ball 1-0: Ball 2-0: Called Strike 2-1: Foul Ball, location: 2F 2-2: Ball 3-2: Strikes out looking
|
Batting: SHB José Salazar
|
0-0: Ball 1-0: Ball 2-0: Foul Ball, location: 2F 2-1: Ball 3-1: Foul Ball, location: 2F 3-2: Base on Balls
|
Batting: LHB Matt Moore
|
0-0: Ball 1-0: Ground out U3 (Groundball, 34S)
|
Bottom of the 1st over - 0 runs, 0 hits, 0 errors, 1 left on base; Manhatten 0 - Erie 0 |
TOP OF THE 2ND |
Manhatten Meatheads batting - Pitching for Erie Jaxx : RHP Dan Clark
|
Batting: RHB Ron McClain
|
0-0: Ball 1-0: Called Strike 1-1: Ground out 4-3 (Groundball, 4)
|
Batting: RHB Paul French
|
0-0: Fly out, F8 (Flyball, 8RM)
|
Batting: LHB Justin Tubridy
|
0-0: Foul Ball, location: 2F 0-1: Foul Ball, location: 2F 0-2: Strikes out swinging
|
Top of the 2nd over - 0 runs, 0 hits, 0 errors, 0 left on base; Manhatten 0 - Erie 0 |
BOTTOM OF THE 2ND |
Erie Jaxx batting - Pitching for Manhatten Meatheads : LHP León Vargas
|
Batting: RHB Ronald Hodge
|
0-0: Ball 1-0: Called Strike 1-1: Ball 2-1: Ball 3-1: Base on Balls
|
Batting: RHB Zachary Gadsden
|
0-0: Swinging Strike 0-1: Ball 1-1: Foul Ball, location: 2F 1-2: Ball 2-2: Strikes out looking
|
Batting: LHB Kyle Robbins
|
0-0: Ball 1-0: Ball 2-0: Called Strike 2-1: Fly out, F8 (Line Drive, 8RD)
|
Batting: RHB Raoul Alkemade
|
Pickoff Throw to First - Error! E1 Ronald Hodge to second 0-0: Called Strike 0-1: Ball 1-1: Foul Ball, location: 2F 1-2: Ball 2-2: Ball 3-2: Base on Balls
|
Batting: LHB Juan Vásquez
|
0-0: Ball 1-0: Ball 2-0: Swinging Strike 2-1: Foul Ball, location: 2F 2-2: Foul Ball, location: 2F 2-2: Ball 3-2: Foul Ball, location: 2F 3-2: Strikes out swinging
|
Bottom of the 2nd over - 0 runs, 0 hits, 1 error, 2 left on base; Manhatten 0 - Erie 0 |
TOP OF THE 3RD |
Manhatten Meatheads batting - Pitching for Erie Jaxx : RHP Dan Clark
|
Batting: RHB Wayne Scott
|
0-0: Foul Ball, location: 2F
|
|
|
|
0-1: Swinging Strike 0-2: Ball 1-2: Ground out 5-3 (Groundball, 56)
|
Batting: RHB Juan Blanco
|
0-0: Swinging Strike 0-1: Called Strike 0-2: Ball 1-2: Ball 2-2: Foul Ball, location: 2F 2-2: Ball 3-2: Strikes out swinging
|
Batting: LHB Wayne Rogers
|
0-0: Ball 1-0: Called Strike 1-1: Ball 2-1: Ball 3-1: Foul Ball, location: 2F 3-2: Base on Balls
|
Batting: LHB Geoff May
|
0-0: Fly out, F9 (Line Drive, 9D)
|
Top of the 3rd over - 0 runs, 0 hits, 0 errors, 1 left on base; Manhatten 0 - Erie 0 |
BOTTOM OF THE 3RD |
Erie Jaxx batting - Pitching for Manhatten Meatheads : LHP León Vargas
|
Batting: LHB Mark Sanders
|
0-0: Foul Ball, location: 2F 0-1: Ball 1-1: Called Strike 1-2: Ball 2-2: Ball 3-2: Strikes out looking
|
Batting: RHB Juan González
|
0-0: Foul Ball, location: 2F 0-1: Ball 1-1: Hit by Pitch
|
Batting: SHB José Salazar
|
0-0: Called Strike 0-1: Fly out, F3 (Popup, 3SF)
|
Batting: LHB Matt Moore
|
0-0: Called Strike 0-1: Ball 1-1: Swinging Strike 1-2: Ball 2-2: Fly out, F9 (Line Drive, 9)
|
Bottom of the 3rd over - 0 runs, 0 hits, 0 errors, 1 left on base; Manhatten 0 - Erie 0 |
TOP OF THE 4TH |
Manhatten Meatheads batting - Pitching for Erie Jaxx : RHP Dan Clark
|
Batting: RHB António Vargas
|
0-0: Called Strike 0-1: Called Strike 0-2: Ball 1-2: Foul Ball, location: 2F 1-2: Strikes out swinging
|
Batting: RHB Ed Gaston
|
0-0: Foul Ball, location: 2F 0-1: Ball 1-1: Ball 2-1: Foul Ball, location: 2F 2-2: Foul Ball, location: 2F 2-2: Ball 3-2: Foul Ball, location: 2F 3-2: Strikes out swinging
|
Batting: RHB Ron McClain
|
0-0: Called Strike 0-1: Called Strike 0-2: Ball 1-2: Ball 2-2: Strikes out swinging
|
Top of the 4th over - 0 runs, 0 hits, 0 errors, 0 left on base; Manhatten 0 - Erie 0 |
BOTTOM OF THE 4TH |
Erie Jaxx batting - Pitching for Manhatten Meatheads : LHP León Vargas
|
Batting: RHB Ronald Hodge
|
0-0: Ball 1-0: Ground out 5-3 (Groundball, 56S)
|
Batting: RHB Zachary Gadsden
|
0-0: Ball 1-0: Foul Ball, location: 2F 1-1: Ball 2-1: Ground out 6-3 (Groundball, 6S)
|
Batting: LHB Kyle Robbins
|
0-0: Ball 1-0: Called Strike 1-1: Foul Ball, location: 2F 1-2: Foul Ball, location: 2F 1-2: Ball 2-2: Ball 3-2: Base on Balls
|
Batting: RHB Raoul Alkemade
|
0-0: Ball 1-0: Fly out, F9 (Line Drive, 89D)
|
Bottom of the 4th over - 0 runs, 0 hits, 0 errors, 1 left on base; Manhatten 0 - Erie 0 |
TOP OF THE 5TH |
Manhatten Meatheads batting - Pitching for Erie Jaxx : RHP Dan Clark
|
Batting: RHB Paul French
|
0-0: Called Strike 0-1: Swinging Strike 0-2: Foul Ball, location: 2F 0-2: Ground out 6-3 (Groundball, 6M)
|
Batting: LHB Justin Tubridy
|
0-0: Ball 1-0: Ball 2-0: Ball 3-0: Base on Balls
|
Batting: RHB Wayne Scott
|
0-0: Foul Ball, location: 2F 0-1: Ball 1-1: Called Strike 1-2: Foul Ball, location: 2F 1-2: Foul Ball, location: 2F 1-2: Strikes out swinging
|
Batting: RHB Juan Blanco
|
0-0: Called Strike 0-1: Ball 1-1: Ball Justin Tubridy steals 2nd base 2-1: Swinging Strike 2-2: Foul Ball, location: 2F 2-2: Foul Ball, location: 2F 2-2: Ball 3-2: Fly out, F8 (Flyball, 89D)
|
Top of the 5th over - 0 runs, 0 hits, 0 errors, 1 left on base; Manhatten 0 - Erie 0 |
BOTTOM OF THE 5TH |
Erie Jaxx batting - Pitching for Manhatten Meatheads : LHP León Vargas
|
Batting: LHB Juan Vásquez
|
0-0: Called Strike 0-1: Ball 1-1: Ball 2-1: Swinging Strike 2-2: Ground out 6-3 (Groundball, 6)
|
Batting: LHB Mark Sanders
|
0-0: Swinging Strike 0-1: Called Strike 0-2: Strikes out swinging
|
Batting: RHB Juan González
|
0-0: Swinging Strike 0-1: Called Strike 0-2: Strikes out swinging
|
Bottom of the 5th over - 0 runs, 0 hits, 0 errors, 0 left on base; Manhatten 0 - Erie 0 |
TOP OF THE 6TH |
Manhatten Meatheads batting - Pitching for Erie Jaxx : RHP Dan Clark
|
Batting: LHB Wayne Rogers
|
0-0: Swinging Strike 0-1: Ball 1-1: Fly out, F8 (Flyball, 8RD)
|
Batting: LHB Geoff May
|
0-0: Ball 1-0: Foul Ball, location: 2F 1-1: Swinging Strike 1-2: Strikes out looking
|
Batting: RHB António Vargas
|
0-0: Ball 1-0: DOUBLE (Line Drive, 78D)
|
Batting: RHB Ed Gaston
|
0-0: Intentional Walk
|
Batting: RHB Ron McClain
|
0-0: Ball 1-0: Called Strike 1-1: Foul Ball, location: 2F 1-2: Strikes out swinging
|
Top of the 6th over - 0 runs, 1 hit, 0 errors, 2 left on base; Manhatten 0 - Erie 0 |
BOTTOM OF THE 6TH |
Erie Jaxx batting - Pitching for Manhatten Meatheads : LHP León Vargas
|
Batting: SHB José Salazar
|
0-0: Ball 1-0: Foul Ball, location: 2F 1-1: Swinging Strike 1-2: Ball 2-2: Ball 3-2: Base on Balls
|
Batting: LHB Matt Moore
|
0-0: SINGLE (Groundball, 34D) José Salazar to second Runner from 2nd tries for 3rd, SAFE, no throw
|
Batting: RHB Ronald Hodge
|
0-0: Swinging Strike 0-1: Ball 1-1: Called Strike 1-2: Foul Ball, location: 2F 1-2: Foul Ball, location: 2F 1-2: Strikes out looking
|
Batting: RHB Zachary Gadsden
|
0-0: Ball 1-0: Ball Matt Moore steals 2nd base 2-0: Ball 3-0: Called Strike 3-1: Called Strike 3-2: Foul Ball, location: 2F 3-2: 3-RUN HOME RUN (Flyball, 7D), Distance : 341 ft
|
Batting: LHB Kyle Robbins
|
0-0: Ball 1-0: Ground out 5-3 (Groundball, 56S)
|
Batting: RHB Raoul Alkemade
|
0-0: Ball 1-0: SINGLE (Line Drive, 34D)
|
Pitching: RHP Kevin Harris
|
|
Batting: LHB Juan Vásquez
|
0-0: Ball Raoul Alkemade is caught stealing 2nd base
|
Bottom of the 6th over - 3 runs, 3 hits, 0 errors, 0 left on base; Manhatten 0 - Erie 3 |
TOP OF THE 7TH |
Manhatten Meatheads batting - Pitching for Erie Jaxx : RHP Dan Clark
|
Batting: RHB Paul French
|
0-0: Called Strike 0-1: Ground out 6-3 (Groundball, 6)
|
Batting: LHB Justin Tubridy
|
0-0: Ball 1-0: SINGLE (Line Drive, 6MD)
|
Batting: RHB Wayne Scott
|
0-0: Called Strike 0-1: Ball 1-1: Ball 2-1: Ball 3-1: Foul Ball, location: 2F 3-2: Grounds into double play, 5-4-3 (Groundball, 56)
|
Top of the 7th over - 0 runs, 1 hit, 0 errors, 0 left on base; Manhatten 0 - Erie 3 |
BOTTOM OF THE 7TH |
Erie Jaxx batting - Pitching for Manhatten Meatheads : RHP Kevin Harris
|
Batting: LHB Juan Vásquez
|
0-0: Called Strike 0-1: Ball 1-1: Fly out, F7 (Flyball, 7S)
|
Batting: LHB Mark Sanders
|
0-0: Ball 1-0: Called Strike 1-1: Ball 2-1: Ball 3-1: Foul Ball, location: 2F 3-2: DOUBLE (Flyball, 89D)
|
Batting: RHB Juan González
|
0-0: Intentional Walk
|
Batting: SHB José Salazar
|
0-0: Called Strike 0-1: Ball 1-1: Ball 2-1: Foul Ball, location: 2F 2-2: Ball 3-2: Strikes out swinging
|
Pitching: LHP Gustavo Sánchez
|
|
Batting: LHB Matt Moore
|
0-0: Ball 1-0: Ball 2-0: Ground out 4-3 (Groundball, 4)
|
Bottom of the 7th over - 0 runs, 1 hit, 0 errors, 2 left on base; Manhatten 0 - Erie 3 |
TOP OF THE 8TH |
Manhatten Meatheads batting - Pitching for Erie Jaxx : RHP Dan Clark
|
Batting: RHB Juan Blanco
|
0-0: Ball 1-0: Ball 2-0: Ball 3-0: Called Strike 3-1: Base on Balls
|
Batting: LHB Wayne Rogers
|
0-0: Ball 1-0: Swinging Strike 1-1: Ball 2-1: Fly out, F4 (Popup, 4D)
|
Batting: LHB Geoff May
|
0-0: Foul Ball, location: 2F 0-1: Called Strike 0-2: Ball 1-2: Ball 2-2: Strikes out looking
|
Batting: RHB António Vargas
|
0-0: Ball 1-0: Ball 2-0: Foul Ball, location: 2F 2-1: Called Strike 2-2: Strikes out looking
|
Top of the 8th over - 0 runs, 0 hits, 0 errors, 1 left on base; Manhatten 0 - Erie 3 |
BOTTOM OF THE 8TH |
Erie Jaxx batting - Pitching for Manhatten Meatheads : LHP Gustavo Sánchez
|
Pitching: LHP Bernard Zuccarello
|
|
Batting: RHB Ronald Hodge
|
0-0: Ground out 6-3 (Groundball, 6S)
|
Batting: RHB Zachary Gadsden
|
0-0: Called Strike 0-1: Swinging Strike 0-2: Ball 1-2: Strikes out swinging
|
Batting: LHB Kyle Robbins
|
0-0: Ball 1-0: Ground out 6-3 (Groundball, 6)
|
Bottom of the 8th over - 0 runs, 0 hits, 0 errors, 0 left on base; Manhatten 0 - Erie 3 |
TOP OF THE 9TH |
Manhatten Meatheads batting - Pitching for Erie Jaxx : RHP Dan Clark
|
Pitching: LHP Jesús Acosta
|
|
Batting: RHB Ed Gaston
|
0-0: Ball 1-0: Foul Ball, location: 2F 1-1: Called Strike 1-2: Ball 2-2: Strikes out looking
|
Batting: RHB Ron McClain
|
0-0: Ball 1-0: Called Strike 1-1: Fly out, F6 (Flyball, 6MD)
|
Batting: RHB Paul French
|
0-0: Swinging Strike 0-1: Ball 1-1: Swinging Strike 1-2: Strikes out looking
|
Top of the 9th over - 0 runs, 0 hits, 0 errors, 0 left on base; Manhatten 0 - Erie 3 |
|
Saturday, April 7th, 2018 - OOTP Baseball 18.8 Build 76
|
|